 Dungeon Crawl Stone Soup version 0.31-a0-329-g52107efa6a (webtiles) character file.

Game seed: 8417010337559841406

1565 AdnanSaban the Cudgeller (level 8, -13/51 HPs)
             Began as a Gargoyle Fighter on July 19, 2023.
             Killed from afar by Maggie (28 damage)
             ... with a bolt of fire
             ... on level 6 of the Dungeon.
             The game lasted 00:06:04 (4437 turns).

AdnanSaban the Cudgeller (Gargoyle Fighter)         Turns: 4437, Time: 00:06:05

Health: -13/51     AC: 17    Str: 23    XL:     8   Next: 89%
Magic:  8/8        EV:  8    Int:  8    God:
Gold:   316        SH:  8    Dex:  9    Spells: 7/7 levels left

rFire   . . .        c - +6 mace
rCold   . . .        q - +0 kite shield
rNeg    + . .        b - +0 scale mail
rPois   ∞            (no helmet)
rElec   +            r - +0 cloak
rCorr   .            p - +0 pair of gloves
SInv    .            h - +0 pair of boots
Will    .....        (no amulet) Stlth
                     (no ring)
HPRegen 0.28/turn    (no ring)
MPRegen 0.11/turn

%: no passive effects
@: no status effects
A: sickness immunity, AC +5, negative energy resistance 1, electricity
resistance, torment resistance 1, petrification resistance
a: no special abilities


You were on level 6 of the Dungeon.
You visited 1 branch of the dungeon, and saw 6 of its levels.

You collected 316 gold pieces.

Inventory:

Hand Weapons
 c - a +6 mace (weapon)
 i - a +0 mace of venom
Armour
 b - a +0 scale mail (worn)
 h - a +0 pair of boots (worn)
 p - a +0 pair of gloves (worn)
 q - a +0 kite shield (worn)
 r - a +0 cloak (worn)
Jewellery
 t - a +6 ring of intelligence
Scrolls
 e - 5 scrolls of identify {unknown}
 g - 2 scrolls of fog {unknown}
 j - 2 scrolls of poison {unknown}
 k - 2 scrolls of torment {unknown}
 m - 2 scrolls of immolation {unknown}
 n - a scroll of amnesia {unknown}
 u - a scroll of acquirement {unknown}
Potions
 a - 2 potions of magic {unknown}
 d - 2 potions of might
 f - 2 potions of curing {unknown}
 l - a potion of enlightenment {unknown}
 o - 2 potions of resistance {unknown}
 s - a potion of lignification {unknown}


   Skills:
 + Level 5.7 Fighting
 + Level 7.8 Maces & Flails
 + Level 6.2 Armour
 + Level 5.7 Shields


You had 7 spell levels left.
You didn't know any spells.
Your spell library contained the following spells:

 Spells                   Type           Power      Damage    Failure   Level
 Apportation              Tloc           0%         N/A       91%         1
 Magic Dart               Conj           0%         1d3       91%         1
 Necrotise                Necr           0%         1d4       91%         1
 Summon Small Mammal      Summ           0%         N/A       91%         1
 Call Imp                 Summ           0%         N/A       97%         2
 Mephitic Cloud           Conj/Pois/Air  0%         N/A       99%         3
 Ozocubu's Armour         Ice            0%         N/A       99%         3
 Alistair's Intoxication  Tmut/Pois      0%         N/A       100%        5
 Metabolic Englaciation   Hex/Ice        0%         N/A       100%        5
 Yara's Violent Unravell  Hex/Tmut       0%         3d3       100%        5
 Eringya's Noxious Bog    Tmut/Pois      0%         4d6       100%        6
 Simulacrum               Ice/Necr       0%         N/A       100%        6
 Sublimation of Blood     Necr           Unusable   N/A       N/A         2

Dungeon Overview and Level Annotations

Branches:
Dungeon (6/15)
 Temple: D:4-7

Altars:
Cheibriados
Fedhas
Trog
Wu Jian
Xom
The Shining One

Annotations:
D:6 Maggie


Innate Abilities, Weirdness & Mutations

You are immune to sickness and miasma.
Your stone body is resilient. (AC +5)
You are immune to poison.
You resist negative energy. (rN+)
You are resistant to electric shocks. (rElec)
You are resistant to unholy torment.
You are immune to petrification.


Message History

You closely miss Maggie.
Maggie is lightly wounded.
Maggie hits you with a +0 war axe.
You completely miss Maggie.
Maggie is lightly wounded.
Maggie says, "Fear not.
I will immortalize you in the tale of my first kill."
You block Maggie's attack.
You closely miss Maggie.
Maggie is lightly wounded.
You block Maggie's attack.
You hit Maggie.
Maggie is moderately wounded.
Maggie barely misses you.
You closely miss Maggie.
Maggie is moderately wounded.
Maggie barely misses you. Maggie hits you with a +0 war axe.
You barely miss Maggie.
Maggie is moderately wounded.
Maggie closely misses you.
You hit Maggie but do no damage.
Maggie is moderately wounded.
You block Maggie's attack.
You closely miss Maggie.
Maggie is moderately wounded.
You block Maggie's attack.
You hit Maggie but do no damage.
Maggie is moderately wounded.
You break out of your daze.
Maggie hits you with a +0 war axe!
* * * LOW HITPOINT WARNING * * *
You thump Maggie!
Maggie is moderately wounded.
Maggie gestures wildly while chanting.
Maggie attempts to bespell you! You resist.
You hit Maggie.
Maggie is moderately wounded.
Maggie points at you and mumbles some strange words.
The bolt of fire hits you!!
Ouch! That really hurt!
You die...

...#≈§§~.≈≈#.......##..#
##.#.#
..###§≈)≈≈#...##......(#
##.## ..#
###.##§##.##......## #.#
..# #.##....#########
#.# ..# #.#####.# #.##
..# #.#####.# #### #...
..#####.......# ....#
#.#.
.........####.####.....#
#...
................@@.....#
##.#
.........#.....###.<...#
#.# ..######.####..#
....# ##.# ..# #.# )...#
#### ##... ..# #.##.##.#
#.... ..# #.... ..#
##... ..#
###.############## #..#
#......<.......# #.##
########.##.##.# #.#


You could see Maggie.

Vanquished Creatures
  Grinder (D:6)
  Sigmund (D:2)
  A water moccasin (D:6)
  An ice beast (D:6)
  A black bear (D:3)
  An ogre (D:5)
  A phantom (D:5)
  Blork the orc (D:4)
  3 scorpions
  A jelly (D:5)
  5 hounds
  2 orc priests (D:4)
  Jessica (D:3)
  2 iguanas
  3 gnolls (D:5)
  4 adders
  A river rat (D:3)
  2 shadow imps (D:5)
  An ufetubus (D:4)
  3 worms
  5 dart slugs
  12 orcs
  6 ball pythons
  6 bats
  6 endoplasms
  2 giant cockroaches
  6 goblins
  8 hobgoblins
  4 jackals (D:3)
  3 quokkas
  4 frilled lizards
  9 kobolds
  24 rats
131 creatures vanquished.

Vanquished Creatures (others)
  A bullfrog (D:6)
  A howler monkey (D:6)
  2 iguanas (D:6)
  An adder (D:6)
  An orc (D:6)
6 creatures vanquished.

Grand Total: 137 creatures vanquished

Notes
Turn   | Place    | Note
-------+----------+-------------------------------------------
     0 | D:1      | AdnanSaban the Gargoyle Fighter began the quest for the
                  | Orb.
     0 | D:1      | Reached XP level 1. HP: 14/14 MP: 1/1
   239 | D:1      | Reached XP level 2. HP: 19/19 MP: 2/2
   837 | D:1      | Reached XP level 3. HP: 23/23 MP: 3/3
   952 | D:2      | Noticed Sigmund
   962 | D:2      | Killed Sigmund
   963 | D:2      | Reached skill level 3 in Maces & Flails
   963 | D:2      | Reached XP level 4. HP: 29/29 MP: 4/4
   963 | D:2      | Reached XP level 5. HP: 33/33 MP: 5/5
  1060 | D:2      | Found a bloodstained altar of Trog.
  1443 | D:3      | Noticed a black bear
  1458 | D:3      | Killed a black bear
  1459 | D:3      | Reached skill level 4 in Maces & Flails
  1459 | D:3      | Reached XP level 6. HP: 5/39 MP: 6/6
  1471 | D:3      | HP: 1/39 [orc/+2 hand axe of holy wrath (2)]
  1918 | D:3      | Noticed Jessica
  1923 | D:3      | Killed Jessica
  1985 | D:3      | Found a snail-covered altar of Cheibriados.
  1993 | D:3      | Found an ornate altar of the Wu Jian Council.
  2347 | D:4      | Found a blossoming altar of Fedhas.
  2352 | D:4      | Noticed Blork the orc
  2423 | D:3      | Reached skill level 5 in Armour
  2706 | D:4      | Reached XP level 7. HP: 33/44 MP: 7/7
  2843 | D:4      | Killed Blork the orc
  2844 | D:4      | Reached skill level 5 in Maces & Flails
  3134 | D:4      | Found a glowing golden altar of the Shining One.
  3322 | D:5      | Entered Level 5 of the Dungeon
  3469 | D:5      | Reached skill level 5 in Fighting
  3469 | D:5      | Reached skill level 5 in Shields
  3565 | D:5      | Reached skill level 6 in Maces & Flails
  3565 | D:5      | Reached XP level 8. HP: 43/49 MP: 8/8
  3776 | D:5      | Got the Encyclopedia of the Switch and Resurrection
  4143 | D:6      | Found a shimmering altar of Xom.
  4183 | D:6      | Reached skill level 7 in Maces & Flails
  4183 | D:6      | Noticed Grinder
  4192 | D:6      | Paralysed by Grinder for 3 turns
  4200 | D:6      | Paralysed by Grinder for 4 turns
  4204 | D:6      | Killed Grinder
  4415 | D:6      | Noticed Maggie
  4437 | D:6      | Killed from afar by Maggie

Illustrated notes

Levels and vault maps discovered:
D:1:      arrival_zaba_pyramid, layout_loops_corners, minmay_misc_feat_chi
D:2:      kennysheep_big_flooded_room, layout_rooms, basic_altar, uniq_sigmund
D:3:      layout_loops_ring, grunt_temple_overflow_open, portal_sewer_entry_e,
          serial_bayou_lagoon_b, uniq_jessica
D:4:      layout_cave_pools, fedhas_altar_2, mainiacjoe_overflow_catwalk,
          minmay_rat_hole, uniq_blork_the_orc
D:5:      layout_basic, chequers_serial_rivers_room_b,
          kennysheep_generic_room_13
D:6:      layout_loops_cross, xom_confusion_cloud, amcnicky_altar_gilded,
          uniq_grinder, uniq_maggie, uniq_prince_ribbit1

Skill      XL: |  1  2  3  4  5  6  7  8 |
---------------+-------------------------+-----
Fighting       | 4 5 |  5.7
Maces & Flails | 3 4 6 7 |  7.8
Armour         | 4 5 6 |  6.2
Shields        | 4 5 |  5.7

Action                     |  1- 3 |  4- 6 |  7- 9 || total
---------------------------+-------+-------+-------++-------
  Melee: Flail             |    66 |       |       ||    66
         Mace              |    19 |   144 |   194 ||   357
 Armour: Scale mail        |    55 |   130 |    84 ||   269
  Dodge: Dodged            |    34 |    97 |    73 ||   204
  Block: Buckler           |    17 |    40 |       ||    57
         Kite shield       |       |     2 |    81 ||    83

Table legend: (Time is in decaauts)
 A = Elapsed time spent in this place.
 B = Non-inter-level travel time spent in this place.
 C = Inter-level travel time spent in this place.
 D = Time resting spent in this place.
 E = Time spent auto-exploring this place.
 F = Levels seen in this place.
 G = Mean time per level.
                   A        B        C        D        E       F      G
               +--------+--------+--------+--------+--------+-----+--------+
         Total |   4559 |   4328 |    231 |    390 |   2945 |   6 |  759.8 |
       Dungeon |   4559 |   4328 |    231 |    390 |   2945 |   6 |  759.8 |
               +--------+--------+--------+--------+--------+-----+--------+

Top non-repeatable levels by time:
     D:3: 1345 daAuts
     D:1: 902 daAuts
     D:5: 718 daAuts
     D:4: 656 daAuts
     D:2: 513 daAuts
     D:6: 422 daAuts
